 Dungeon Crawl Stone Soup version 0.31.0-4-g52a2dc7128 (webtiles) character file.

Game seed: 9113693268786608852

175 shadowrider38 the Covered (level 5, -4/47 HPs)
             Began as a Minotaur Fighter on Jan 22, 2024.
             Incinerated by a bombardier beetle (7 damage)
             ... with a burning spray
             ... on level 3 of the Dungeon.
             The game lasted 00:00:48 (1529 turns).

shadowrider38 the Covered (Minotaur Fighter)        Turns: 1529, Time: 00:00:49

Health: -4/47      AC:  7    Str: 23    XL:     5   Next: 29%
Magic:  4/4        EV:  9    Int:  5    God:
Gold:   139        SH:  4    Dex:  9    Spells: 4/4 levels left

rFire   . . .        a - +0 war axe
rCold   . . .        c - +0 buckler
rNeg    . . .        b - +0 scale mail
rPois   .            (helmet restricted)
rElec   .            (no cloak)
rCorr   .            (no gloves)
SInv    .            (no boots)
Will    .....        (no amulet) Stlth
                     (no ring)
HPRegen 0.27/turn    (no ring)
MPRegen 0.09/turn

%: no passive effects
@: on fire, glowing
A: horns 2, retaliatory headbutt
a: no special abilities


You were on level 3 of the Dungeon.
You visited 1 branch of the dungeon, and saw 3 of its levels.

You collected 139 gold pieces.

Inventory:

Hand Weapons
 a - a +0 war axe (weapon)
Missiles
 F - 5 curare-tipped darts
Armour
 b - a +0 scale mail (worn)
 c - a +0 buckler (worn)
Scrolls
 f - a scroll of fear {unknown}
 g - 3 scrolls of identify {unknown}
 h - a scroll of vulnerability {unknown}
 j - a scroll of torment {unknown}
 k - a scroll of teleportation {unknown}
Potions
 d - a potion of might
 e - a potion of haste {unknown}
 i - a potion of lignification {unknown}


   Skills:
 + Level 4.5 Fighting
 * Level 4.5 Axes
 + Level 4.6 Armour
 + Level 4.6 Shields


You had 4 spell levels left.
You didn't know any spells.
Your spell library was empty.

Dungeon Overview and Level Annotations

Branches:
Dungeon (3/15) Zot: 16436

Altars:
Fedhas


Innate Abilities, Weirdness & Mutations

You have a pair of horns on your head.
You reflexively headbutt those who attack you in melee.


Message History

The bombardier beetle barely misses you.
You slash the hobgoblin!
You kill the hobgoblin!
You hit Robin but do no damage.
You hit the bombardier beetle but do no damage.
The liquid fire burns you! Robin barely misses you.
You hit the bombardier beetle but do no damage.
The bombardier beetle is lightly wounded.
You slash the hobgoblin!
You kill the hobgoblin!
You slash Robin! The liquid fire burns you! Robin hits you with a +0 club.
The bombardier beetle sprays incendiary fluid at you.
You block the burning spray.
You hit Robin.
Robin is almost dead.
You hit the bombardier beetle but do no damage.
You hit the hobgoblin. The liquid fire burns you!
Robin roars a battlecry!
The hobgoblin goes into a battle-frenzy!
The hobgoblin closely misses you. The bombardier beetle bites you.
The hobgoblin closely misses you. Robin barely misses you.
You slash the bombardier beetle!
The bombardier beetle is severely wounded.
You slash the hobgoblin!
You kill the hobgoblin!
You closely miss Robin. The liquid fire burns you!
* * * LOW HITPOINT WARNING * * *
Robin says, "Kneel, worm!"
Robin hits you but does no damage.
The bombardier beetle closely misses you.
You furiously retaliate!
You headbutt the bombardier beetle.
You are too injured to fight recklessly!
You shake off some of the fire as you move.
The liquid fire burns you!
* * * LOW HITPOINT WARNING * * *
You are too injured to fight recklessly!
You slash Robin!
You kill Robin!
The liquid fire burns you!
* * * LOW HITPOINT WARNING * * *
You are too injured to fight recklessly!
You hit the bombardier beetle.
You kill the bombardier beetle!
The liquid fire burns you!
You die...

# ##......##+##.......#
#. #....................
#.##.#..####.#.#.####.##
#.........##.....# #...
##...#.##.####.### ###.
#.........###.# #.
###).)))...##.# ##
#.)##)#....#.## ##
.gg..ggB###@$#.#....# #.
.....g.$#
##.#.#....#######[
......g..
.....#..........
?........
##..............
..........
.........†....#
.........#
#...#...##.)..
.........# #..#....###..
###...#.#......
#..............


There were no monsters in sight!

Vanquished Creatures
  A phantom (D:3)
  A bombardier beetle (D:3)
  Robin (D:3)
  3 adders
  2 ribbon worms (D:2)
  A bat (D:1)
  7 endoplasms
  5 giant cockroaches
  7 hobgoblins
  A jackal (D:1)
  7 kobolds
  A quokka (D:2)
  6 ball pythons
  A frilled lizard (D:1)
  9 goblins
  5 rats
58 creatures vanquished.

Notes
Turn   | Place    | Note
-------+----------+-------------------------------------------
     0 | D:1      | shadowrider38 the Minotaur Fighter began the quest for the
                  | Orb.
     0 | D:1      | Reached XP level 1. HP: 19/19 MP: 0/0
    67 | D:1      | Reached XP level 2. HP: 27/27 MP: 1/1
   233 | D:1      | Reached skill level 3 in Axes
   619 | D:2      | Reached XP level 3. HP: 24/33 MP: 2/2
  1032 | D:2      | Found a faded altar of an unknown god.
  1288 | D:3      | Noticed a phantom
  1306 | D:3      | Killed a phantom
  1307 | D:3      | Reached XP level 4. HP: 15/41 MP: 3/3
  1395 | D:3      | Reached XP level 5. HP: 44/47 MP: 4/4
  1465 | D:3      | Found a blossoming altar of Fedhas.
  1505 | D:3      | Noticed Robin
  1528 | D:3      | Killed Robin
  1529 | D:3      | Incinerated by a bombardier beetle

Illustrated notes

Levels and vault maps discovered:
D:1:      dpeg_arrival_round_b, layout_rooms, hex_intersection,
          minmay_split_cup_small
D:2:      layout_basic, dreamdust_ecumenical_altar_hidden_monk_grotto
D:3:      cheibrodos_helix_gallery, layout_rooms, mainiacjoe_overflow_brackets,
          nicolae_ru_path_of_blood, nicolae_overflow_ecumenical_swirl,
          serial_shops, nicolae_shop_temple_entry_statues_fountains, uniq_robin,
          uniq_natasha

Skill      XL: |  1  2  3 |
---------------+----------+-----
Axes           | 3 4 |  4.5
Fighting       | 4 |  4.5
Shields        | 4 |  4.6
Armour         | 4 |  4.6

Action                     |  1- 3 |  4- 6 || total
---------------------------+-------+-------++-------
  Melee: War axe           |    71 |    29 ||   100
         Headbutt          |    14 |     2 ||    16
 Armour: Scale mail        |    50 |    26 ||    76
  Dodge: Dodged            |    33 |    17 ||    50
  Block: Buckler           |    11 |     8 ||    19
